 Dungeon Crawl Stone Soup version 0.32-a0-961-gd60f5e5fc7 (webtiles) character file.

Game seed: 23061946841091123

667 ezpacito the Trooper (level 7, -2/60 HPs)
             Began as a Coglin Chaos Knight on Apr 18, 2024.
             Was a Plaything of Xom.
             Slain by an ice beast (5 damage)
             ... on level 5 of the Dungeon.
             The game lasted 00:04:39 (3740 turns).

ezpacito the Trooper (Coglin Chaos Knight)          Turns: 3740, Time: 00:04:39

Health: -2/60      AC:  9    Str: 10 (13) XL:     7   Next: 57%
Magic:  8/9        EV:  5    Int:  8 (11) God:    Xom [...*..]
Gold:   286        SH:  0    Dex: 14 (17) Spells: 8/8 levels left

rFire   . . .        a - +0 hand axe (chaos) {Caihong}
rCold   + . .        g - +0 trident {Suni}
rNeg    . . .        x - +0 chain mail {Xommail}
rPois   .            (helmet restricted)
rElec   .            (no cloak)
rCorr   .            (no gloves)
SInv    .            (no boots)
Will    .....        (amulet unavailable) Stlth
                     (ring unavailable)
HPRegen 0.30/turn    (ring unavailable)
MPRegen 0.11/turn    (no gizmo)

%: no passive effects
@: revved
A: off-hand wielding, slow wielding, warmup strikes, no jewellery, horns 1,
agile 1, cold resistance 1, robust 1
a: Invent Gizmo, Renounce Religion


You were on level 5 of the Dungeon.
You worshipped Xom.
You were a favourite toy of Xom.
You visited 1 branch of the dungeon, and saw 5 of its levels.

You collected 286 gold pieces.

Inventory:

Hand Weapons
 a - a +0 hand axe of chaos (weapon) {Caihong}
 c - a +0 war axe
 g - a +0 trident (offhand) {Suni}
Missiles
 j - 9 poisoned darts
 m - 9 javelins (quivered)
 r - 10 boomerangs
Armour
 x - a +0 chain mail (worn) {Xommail}
Talismans
 v - a beast talisman
 w - a storm talisman
Wands
 b - a wand of light (9)
 y - a wand of roots (5)
Scrolls
 d - a scroll of teleportation {unknown}
 f - a scroll of immolation {unknown}
 h - 2 scrolls of enchant armour {unknown}
 i - 2 scrolls of poison {unknown}
 l - a scroll of vulnerability {unknown}
 o - a scroll of enchant weapon {unknown}
 p - a scroll of acquirement {unknown}
 u - a scroll of blinking {unknown}
Potions
 e - a potion of cancellation {unknown}
 k - a potion of haste {unknown}
 n - a potion of resistance
 q - a potion of degeneration
 s - a potion of mutation
 t - a potion of enlightenment {unknown}
 z - a potion of curing {unknown}
 A - a potion of brilliance {unknown}


   Skills:
 * Level 4.3 Fighting
 * Level 4.2(4.5) Axes
 * Level 2.3(3.4) Polearms
 + Level 1.2 Throwing
 * Level 3.2 Armour
 * Level 2.5 Dodging
 + Level 1.4 Stealth
 + Level 1.2 Unarmed Combat
 + Level 1.4 Spellcasting
 + Level 1.8 Evocations
 + Level 0.5 Shapeshifting


You had 8 spell levels left.
You didn't know any spells.
Your spell library contained the following spells:

 Spells                   Type           Power      Damage    Failure   Level
 Blink                    Tloc           0%         N/A       100%        2
 Lesser Beckoning         Tloc           0%         N/A       100%        2
 Momentum Strike          Conj/Tloc      0%         3d8       100%        2
 Dazzling Flash           Conj/Hex       0%         N/A       100%        3
 Starburst                Conj/Fire      0%         6d3       100%        6
 Fulsome Fusillade        Conj/Alch      0%         (3-5)d4   100%        8


Dungeon Overview and Level Annotations

Branches:
Dungeon (5/15)
 Temple: D:4-7

Altars:
Cheibriados


Innate Abilities, Weirdness & Mutations

You can wield a second weapon in your off-hand.
It takes a long time for you to wield or remove held weapons.
Your first few attacks do less damage.
You cannot equip rings or amulets.
You have a pair of small horns on your head.
You are agile. (Dex +4, Str/Int -1)
Your flesh is cold resistant. (rC+)
You are robust. (+10% HP)


Message History

The ice beast is lightly wounded.
You barely miss the ice beast with your +0 trident.
You feel sick. "Feel my power!"
The ice beast is outlined in light.
The ice beast barely misses you.
You take 1 damage, and have 17/60 hp.
You hit the ice beast but do no damage. You headbutt the ice beast.
The ice beast is moderately wounded.
You hit the ice beast but do no damage.
You feel sick.
You are no longer poisoned.
The ice beast hits you.
* * * LOW HITPOINT WARNING * * *
The ice beast freezes you!
* * * LOW HITPOINT WARNING * * *
You take 10 damage, and have 7/60 hp.
It was a potion of mutation.
You feel extremely strange. The horns on your head shrink away.
You feel weaker.
You feel resistant to cold. A pair of horns grows on your head!
Xom thinks this is hilarious!
The ice beast hits you but does no damage.
Aiming: Bolt of Light
Press: ? - help, Shift-Dir - straight line, f - ice beast
Aim: an ice beast (moderately wounded, softly glowing, 81% to hit)
The bolt of light hits the ice beast!
The ice beast is almost dead.
The ice beast is blinded.
The ice beast hits you.
* * * LOW HITPOINT WARNING * * *
The ice beast freezes you. You resist.
* * * LOW HITPOINT WARNING * * *
You take 2 damage, and have 5/60 hp.
You catch the helpless ice beast completely off-guard!
You hit the ice beast but do no damage.
You headbutt the ice beast, but do no damage.
The ice beast is almost dead.
You hit the ice beast but do no damage.
The ice beast hits you but does no damage.
The ice beast hits you.
* * * LOW HITPOINT WARNING * * *
The ice beast freezes you. You resist.
You die...

# ### ## #. #.# ##.
#. ##.###.= #..
#####.###... #..
#####......#....
#..###...†#####......
#.†@...### #......
......Y....# #......
.........$.#* #.....†
.............*
#......
....#....<...#*
#......
....##........#
#.....# ...
#.......## ##....# ..
........# ##.### ,,
,* ###


You could see an ice beast (blind, unable to see you, corona).

Vanquished Creatures
  A water moccasin (D:5)
  A phantom (D:3)
  2 scorpions
  A howler monkey (D:5)
  2 hounds (D:4)
  A sleepcap (D:5)
  9 adders
  A gnoll (D:4)
  4 ribbon worms
  3 dart slugs
  4 orcs
  4 endoplasms
  3 giant cockroaches
  6 goblins
  9 hobgoblins
  3 jackals (D:1)
  5 quokkas
  7 ball pythons
  5 bats
  4 frilled lizards (D:1)
  6 kobolds
  7 rats
88 creatures vanquished.

Vanquished Creatures (collateral kills)
  A scorpion (D:4)
1 creature vanquished.

Vanquished Creatures (others)
  A scorpion (D:4)
  A rat zombie (D:3)
2 creatures vanquished.

Grand Total: 91 creatures vanquished

Notes
Turn   | Place    | Note
-------+----------+-------------------------------------------
     0 | D:1      | ezpacito the Coglin Chaos Knight began the quest for the
                  | Orb.
     0 | D:1      | Reached XP level 1. HP: 18/18 MP: 1/1
    33 | D:1      | XOM: silly message
   114 | D:1      | Reached skill level 1 in Dodging
   176 | D:1      | Reached XP level 2. HP: 20/24 MP: 2/2
   183 | D:1      | XOM: divination: magic mapping
   325 | D:1      | XOM: god gift: 16 gold pieces
   361 | D:1      | You fall into a shaft and drop 1 floor!
   467 | D:2      | Reached XP level 3. HP: 29/29 MP: 3/3
   569 | D:2      | XOM: 1-stop teleportation journey
   889 | D:2      | Reached skill level 1 in Polearms
   914 | D:1      | XOM: summons 1 hostile shadow creature
   927 | D:1      | XOM: 5-stop teleportation journey
  1005 | D:1      | Reached XP level 4. HP: 34/35 MP: 4/4
  1247 | D:1      | Found a snail-covered altar of Cheibriados.
  1290 | D:1      | XOM: god gift: 3 javelins
  1294 | D:1      | XOM: scenery: summon butterflies
  1461 | D:2      | XOM: give mutations
  1461 | D:2      | Gained mutation: You have a pair of small horns on your
                  | head. [Xom's grace]
  1461 | D:2      | Gained mutation: Your muscles are strong. (Str +4, Int/Dex
                  | -1) [Xom's grace]
  2288 | D:4      | Noticed a phantom
  2288 | D:4      | Noticed a scorpion
  2297 | D:3      | XOM: fog
  2303 | D:3      | Killed a phantom
  2304 | D:3      | Reached XP level 5. HP: 33/42 MP: 4/6
  2381 | D:4      | XOM: cleaving
  2385 | D:4      | Reached skill level 1 in Spellcasting
  2385 | D:4      | Reached skill level 1 in Evocations
  2385 | D:4      | Reached XP level 6. HP: 46/48 MP: 7/7
  2583 | D:4      | Reached skill level 1 in Stealth
  2875 | D:4      | XOM: give mutations
  2875 | D:4      | Gained mutation: You are agile. (Dex +4, Str/Int -1) [Xom's
                  | grace]
  2875 | D:4      | Gained mutation: You are robust. (+10% HP) [Xom's grace]
  2932 | D:4      | XOM: god gift: chain mail {god gift}
  3213 | D:4      | XOM: cloud trail
  3260 | D:4      | XOM: 2-stop teleportation journey
  3264 | D:4      | Reached skill level 1 in Unarmed Combat
  3535 | D:5      | Entered Level 5 of the Dungeon
  3581 | D:5      | Found a snail-covered altar of Cheibriados.
  3615 | D:5      | XOM: divination: magic mapping
  3619 | D:5      | Reached skill level 1 in Throwing
  3619 | D:5      | Reached XP level 7. HP: 59/59 MP: 8/8
  3734 | D:5      | XOM: noise
  3736 | D:5      | XOM: fake destruction
  3738 | D:5      | Lost mutation: You have a pair of small horns on your head.
                  | [potion of mutation]
  3738 | D:5      | Lost mutation: Your muscles are strong. (Str +4, Int/Dex
                  | -1) [potion of mutation]
  3738 | D:5      | Gained mutation: Your flesh is cold resistant. (rC+)
                  | [potion of mutation]
  3738 | D:5      | Gained mutation: You have a pair of small horns on your
                  | head. [potion of mutation]
  3740 | D:5      | HP: 3/60 [ice beast (2)]
  3740 | D:5      | Slain by an ice beast

Illustrated notes

Levels and vault maps discovered:
D:1:      dpeg_arrival_water_altar, layout_basic
D:2:      layout_basic, dk_vineyard_3
D:3:      layout_loops_ring, kennysheep_generic_room_3
D:4:      kennysheep_six_static_rooms, layout_layer_cave, hangedman_decor_push
D:5:      layout_cave_pods, lemuel_doored_altar, mainiacjoe_overflow_brackets,
          nicolae_yredelemnul_corpse_copse, supply_closet_lemuel

Skill      XL: |  1  2  3  4  5  6 |
---------------+-------------------+-----
Dodging        | 1 2 |  2.5
Armour         | 2 3 |  3.2
Polearms       | 1 2 |  2.3
Spellcasting   | 1 |  1.4
Evocations     | 1 |  1.8
Stealth        | 1 |  1.4
Fighting       | 4 |  4.3
Unarmed Combat | 1 |  1.2
Axes           | 4 |  4.2
Throwing       | 1 |  1.2
Shapeshifting  | |  0.5

Action                     |  1- 3 |  4- 6 |  7- 9 || total
---------------------------+-------+-------+-------++-------
  Melee: Hand axe          |    47 |    94 |    17 ||   158
         Dagger            |    23 |       |       ||    23
         Trident           |    30 |   137 |    17 ||   184
         Headbutt          |       |    16 |     4 ||    20
  Evoke: Wand              |       |       |     1 ||     1
    Use: Potion            |       |     2 |     2 ||     4
         Scroll            |       |     1 |       ||     1
   Stab: Sleeping          |       |     2 |       ||     2
         Distracted        |       |     1 |       ||     1
         Invisible         |       |       |     1 ||     1
 Armour: Leather armour    |    29 |    11 |       ||    40
         Chain mail        |       |    74 |    28 ||   102
  Dodge: Dodged            |    24 |    36 |     6 ||    66

Table legend: (Time is in decaauts)
 A = Elapsed time spent in this place.
 B = Non-inter-level travel time spent in this place.
 C = Inter-level travel time spent in this place.
 D = Time resting spent in this place.
 E = Time spent auto-exploring this place.
 F = Levels seen in this place.
 G = Mean time per level.
                   A        B        C        D        E       F      G
               +--------+--------+--------+--------+--------+-----+--------+
         Total |   3775 |   3511 |    264 |      0 |   2914 |   5 |  755.0 |
       Dungeon |   3775 |   3511 |    264 |      0 |   2914 |   5 |  755.0 |
               +--------+--------+--------+--------+--------+-----+--------+

Top non-repeatable levels by time:
     D:4: 1235 daAuts
     D:2: 877 daAuts
     D:1: 794 daAuts
     D:3: 660 daAuts
     D:5: 207 daAuts
